 Dungeon Crawl Stone Soup version 0.27.1-35-g4d5d836560 (webtiles) character file.

Game seed: 861898670985485493

12633 Delamore the Slicer (level 11, -4/71 HPs)
             Began as an Octopode Brigand on Mar 9, 2022.
             Was an Initiate of Gozag.
             Slain by a death yak (16 damage)
             ... on level 11 of the Dungeon.
             The game lasted 00:17:54 (15886 turns).

Delamore the Slicer (Octopode Brigand)             Turns: 15886, Time: 00:17:55

Health: -4/71      AC:  1    Str: 10    XL:     11   Next: 96%
Magic:  18/18      EV: 15    Int: 18    God:    Gozag
Gold:   1681       SH:  6    Dex: 16    Spells: 16/19 levels left

rFire    . . .     SeeInvis .   H - +5 short sword (venom)
rCold    . . .     Faith    .   j - +0 buckler
rNeg     . . .     Spirit   .   (helmet restricted)
rPois    .         Reflect  .   w - necklace of Bloodlust {*Rage +Rage Will++ Int-3 Slay+6}
rElec    .         Harm     .   x - +6 ring of intelligence
rCorr    .         Rampage  .   (no ring)
Will     ++...     Rnd*Rage +   (no ring)
Stlth    +++++.....             (no ring)
HPRegen  0.21/turn              (no ring)
MPRegen  0.16/turn              (no ring)
                                (no ring)
                                (no ring)

@: about to teleport, on berserk cooldown, slowed, very slow
A: almost no armour, amphibious, 8 rings, camouflage 1, gelatinous body 1,
(nimble swimmer 1), tentacles
a: Renounce Religion, Evoke Berserk Rage, Potion Petition, Call Merchant, Bribe
Branch


You were on level 11 of the Dungeon.
You worshipped Gozag.
Gozag was most pleased with you.
You visited 2 branches of the dungeon, and saw 12 of its levels.
You also visited: Bailey.

You collected 2356 gold pieces.
You paid 675 gold pieces to Gozag.

Inventory:

Hand Weapons
 a - a +3 dagger
 t - a +1 short sword of venom
 H - a +5 short sword of venom (weapon)
Missiles
 b - 86 poisoned darts (quivered)
 d - 8 atropa-tipped darts
 o - 65 boomerangs
 I - a curare-tipped dart
Armour
 j - a +0 buckler (worn)
 s - a +2 kite shield
Jewellery
 i - an amulet of guardian spirit
 u - the amulet "Koproon" {Faith Fly Regen+}
   (You found it on level 8 of the Dungeon)

   [amulet of faith]

   It allows you to gain divine favour quickly.
   Fly:       It grants you flight.
   Regen:     It increases your rate of health regeneration.
 v - an amulet of faith
 w - the necklace of Bloodlust (around mantle) {*Rage +Rage Will++ Int-3 Slay+6}
   (You found it on level 4 of the Dungeon)

   [amulet of nothing]

   It extends the wearer's berserk rage when killing foes.
   Int:       It affects your intelligence (-3).
   Slay:      It affects your accuracy & damage with ranged weapons and melee
   (+6).
   +Rage:     It lets you go berserk.
   *Rage:     It may make you go berserk in combat.
   Will:      It greatly increases your willpower.
 x - a +6 ring of intelligence (left tentacle)
 E - an amulet of reflection
Wands
 m - a wand of mindburst (15)
 p - a wand of flame (57)
 y - a wand of paralysis (19)
Scrolls
 e - a scroll of immolation
 f - 3 scrolls of amnesia
 k - a scroll of torment
 q - 2 scrolls of enchant weapon
 r - a scroll of fog
 A - a scroll of noise
 B - 5 scrolls of teleportation
 D - a scroll of enchant armour {unknown}
Potions
 c - 5 potions of flight
 g - 6 potions of degeneration
 h - 5 potions of resistance
 l - a potion of might {unknown}
 n - a potion of haste {unknown}
 z - 5 potions of curing {unknown}
 C - 2 potions of attraction {unknown}
 G - a potion of mutation {unknown}


   Skills:
 - Level 5.0 Fighting
 - Level 12.0 Short Blades
 - Level 2.0 Throwing
 - Level 5.0 Dodging
 - Level 10.0 Stealth
 + Level 6.7 Shields
 + Level 4.7 Spellcasting
 + Level 7.3 Hexes


You had 16 spell levels left.
You knew the following spells:

 Your Spells              Type           Power      Damage    Failure   Level
a - Dazzling Flash        Conj/Hex       34%        N/A       9%          3

Your spell library contained the following spells:

 Spells                   Type           Power      Damage    Failure   Level
 Pain                     Necr           16%        1d4       14%         1
 Sting                    Tmut/Pois      16%        1d3       14%         1
 Corpse Rot               Necr/Air       N/A        N/A       21%         2
 Poisonous Vapours        Pois/Air       8%         N/A       21%         2
 Conjure Flame            Conj/Fire      4%         6-21      38%         3
 Ignite Poison            Fire/Tmut/Pois 4%         N/A       38%         3
 Animate Dead             Necr           2%         N/A       80%         4
 Dispel Undead            Necr           4%         3d7       80%         4
 Iskenderun's Mystic Bla  Conj/Tloc      4%         2d3       80%         4
 Olgreb's Toxic Radiance  Pois           4%         N/A       80%         4
 Sticky Flame             Conj/Fire      4%         2d3       80%         4
 Agony                    Necr           4%         N/A       98%         5
 Borgnjor's Vile Clutch   Necr/Erth      2%         N/A       98%         5
 Excruciating Wounds      Necr           2%         N/A       98%         5
 Summon Forest            Summ/Tloc      2%         N/A       98%         5
 Death Channel            Necr           2%         N/A       100%        6
 Eringya's Noxious Bog    Tmut/Pois      2%         N/A       100%        6
 Starburst                Conj/Fire      2%         6d3       100%        6
 Summon Hydra             Summ           2%         N/A       100%        7


Dungeon Overview and Level Annotations

Branches:
Dungeon (11/15)            Temple (1/1) D:5            Lair (0/6) D:11
    Orc (0/2) D:10         Bailey (visited)

Altars:
Cheibriados
Dithmenos
Gozag
Hepliaklqana
Makhleb
Nemelex Xobeh
Okawaru
Uskayaw
Vehumet
Xom

Shops:
D:3 *   D:7 (   D:8 (


Innate Abilities, Weirdness & Mutations

You cannot wear most types of armour.
You are amphibious.
You can wear up to eight rings at the same time.
Your skin changes colour to match your surroundings (Stealth+).
Your rubbery body absorbs attacks. (AC +1, EV +1)
((You are camouflaged near water. (Stealth+)))
You have tentacles for arms and can constrict up to eight enemies at once.


Message History

You hit the death yak but do no damage.
The death yak looks as sick as possible!
Your squeeze misses the death yak.
The death yak is almost dead.
The death yak barely misses you.
You hit the death yak.
You kill the death yak!
You throw a poisoned dart. The poisoned dart hits the death yak.
The death yak is poisoned.
The death yak gores you!!
You hit the death yak.
The death yak is lightly wounded.
The death yak barely misses you.
You hit the death yak but do no damage.
The death yak looks even sicker.
You squeeze the death yak, but do no damage.
The death yak is lightly wounded.
The death yak gores you!
You barely miss the death yak.
The death yak is lightly wounded.
The death yak gores you!!
* * * LOW HITPOINT WARNING * * *
You hit the death yak but do no damage.
The death yak looks as sick as possible!
You squeeze the death yak.
The death yak is lightly wounded.
Okay, then.
Okay, then.
As you read the scroll of fear, it crumbles to dust.
You assume a fearsome visage.
The death yak looks frightened!
The death yak resists with almost no effort.
The death yak gores you.
* * * LOW HITPOINT WARNING * * *
The death yak barely misses you.
Aiming: Paralyse
Press: ? - help, Shift-Dir - straight line, f/p - death yak
Aim: a death yak (lightly wounded, extremely poisoned, chance to affect: 1%)
Okay, then.
As you read the scroll of teleportation, it crumbles to dust.
You feel strangely unstable. The death yak gores you!
You die...
Your body crumbles into a pile of gold.

#.........## ##..#
#.......#..# #(..#
.........#.###.#.#
#......#.#.....#..#
#.........##.###.#
######............
######.................#
####......#####..##........
##....###### #@#...........
#..#### #Y#(.......Y. ..##
#.#..Y....... ###
#$......>. # #Y.$......
##..../... #........
#.....$.. #####....


You could see 2 death yaks.

Vanquished Creatures
  3 two-headed ogres
  A death yak (D:11)
  Pikel (D:8)
  An orc knight (Bailey)
  4 centaur zombies
  A gargoyle (D:10)
  A troll (D:9)
  Sigmund (D:3)
  A vampire (D:11)
  13 yaks
  6 vampire mosquitoes
  2 wargs (D:10)
  A water moccasin (D:5)
  An acid dragon (D:11)
  9 orc warriors
  2 ice beasts
  2 sky beasts
  3 necrophages
  4 ogres
  3 lemures (D:8)
  3 centaurs
  3 bullfrogs
  A kobold brigand (D:9)
  2 gnoll sergeants (D:11)
  3 scorpions (D:6)
  2 wyvern zombies
  15 killer bees
  4 howler monkeys
  2 bullfrog zombies (D:5)
  4 jellies
  A gnoll shaman (D:7)
  2 bullfrog skeletons
  A centaur skeleton (D:7)
  2 hounds (D:6)
  3 orc priests
  Jessica (D:3)
  Natasha (thrice) (D:3)
  6 orc wizards (D:7)
  A hound skeleton (D:5)
  2 howler monkey zombies (D:9)
  18 gnolls
  10 adders
  2 river rats (D:11)
  3 shadow imps
  A white imp (D:4)
  An ufetubus (D:6)
  An adder skeleton (D:4)
  3 worms
  3 dart slugs
  27 orcs
  4 bats
  7 endoplasms
  2 giant cockroaches
  5 goblins
  16 hobgoblins
  5 quokkas
  7 ball pythons
  A frilled lizard (D:3)
  24 kobolds
  11 rats
272 creatures vanquished.

Notes
Turn   | Place    | Note
-------+----------+-------------------------------------------
     0 | D:1      | Delamore the Octopode Brigand began the quest for the Orb.
     0 | D:1      | Reached XP level 1. HP: 14/14 MP: 1/1
   338 | D:1      | Reached XP level 2. HP: 19/19 MP: 2/2
  1029 | D:1      | Reached XP level 3. HP: 20/24 MP: 3/3
  1643 | D:2      | Reached XP level 4. HP: 29/29 MP: 4/4
  1702 | D:2      | Found a faded altar of an unknown god.
  1740 | D:2      | Found a shimmering altar of Xom.
  1815 | D:2      | Reached skill level 3 in Short Blades
  2323 | D:3      | Noticed Sigmund
  2342 | D:3      | Reached XP level 5. HP: 5/34 MP: 5/5
  2639 | D:3      | Killed Sigmund
  2640 | D:3      | Reached skill level 1 in Shields
  2640 | D:3      | Reached XP level 6. HP: 16/39 MP: 6/6
  2831 | D:3      | Noticed Natasha
  2833 | D:3      | Killed Natasha
  2903 | D:3      | Found Badom's General Store.
  2946 | D:3      | Noticed Jessica
  2953 | D:3      | Killed Jessica
  3282 | D:3      | Noticed Natasha
  3298 | D:3      | Killed Natasha
  3390 | D:3      | Noticed Natasha
  3398 | D:3      | Killed Natasha
  3399 | D:3      | Reached skill level 4 in Short Blades
  3746 | D:4      | Reached XP level 7. HP: 45/45 MP: 7/7
  3780 | D:4      | Learned a level 3 spell: Dazzling Flash
  4426 | D:4      | Found the necklace of Bloodlust {*Rage +Rage Will++ Int-3
                  | Slay+6}
  4753 | D:5      | Entered Level 5 of the Dungeon
  5005 | D:5      | Reached skill level 10 in Stealth
  5352 | D:5      | Reached skill level 5 in Short Blades
  5396 | D:5      | Noticed a yak
  5396 | D:5      | Noticed a yak
  5398 | D:5      | Noticed a yak
  5399 | D:5      | Noticed a yak
  5684 | D:5      | Reached XP level 8. HP: 38/50 MP: 8/8
  5726 | D:5      | Reached skill level 6 in Short Blades
  5970 | D:5      | Noticed a yak
  5973 | D:5      | Noticed a yak
  5982 | D:5      | Killed a yak
  5983 | D:5      | Reached skill level 7 in Short Blades
  5988 | D:5      | Killed a yak
  6000 | D:5      | Killed a yak
  6001 | D:5      | Reached skill level 8 in Short Blades
  6050 | D:5      | Killed a yak
  6051 | D:5      | Reached XP level 9. HP: 45/54 MP: 9/9
  6179 | D:5      | Reached skill level 9 in Short Blades
  6454 | D:5      | Found a staircase to the Ecumenical Temple.
  6465 | Temple   | Entered the Ecumenical Temple
  6517 | Temple   | Became a worshipper of Gozag Ym Sagoz the Greedy
  7131 | D:6      | Reached skill level 1 in Hexes
  7541 | D:6      | Reached skill level 10 in Short Blades
  8462 | D:7      | Reached XP level 10. HP: 63/63 MP: 10/10
  9128 | D:7      | Found a hazy altar of Hepliaklqana.
  9453 | D:7      | Found Qotodergh's Hydra Hut.
  9453 | D:7      | Noticed a six-headed hydra
  9828 | D:8      | Noticed Pikel
  9839 | D:8      | Killed Pikel
 10127 | D:8      | Identified the amulet "Koproon" {Faith Fly Regen+}
 10314 | D:8      | Reached skill level 5 in Fighting
 10765 | D:8      | Noticed a two-headed ogre
 10770 | D:8      | Killed a two-headed ogre
 10771 | D:8      | Reached skill level 11 in Short Blades
 10771 | D:8      | Reached skill level 5 in Dodging
 10771 | D:8      | Reached skill level 5 in Hexes
 11453 | D:9      | Reached XP level 11. HP: 71/71 MP: 11/11
 11459 | D:9      | Reached skill level 12 in Short Blades
 11836 | D:10     | Entered Level 10 of the Dungeon
 11860 | D:9      | Reached skill level 1 in Spellcasting
 12463 | D:10     | Noticed a two-headed ogre
 12470 | D:10     | Killed a two-headed ogre
 12471 | D:10     | Reached skill level 5 in Shields
 13383 | D:10     | Noticed a two-headed ogre
 13384 | D:10     | Found a staircase to the Orcish Mines.
 13393 | D:10     | Killed a two-headed ogre
 14540 | D:11     | Noticed a death yak
 14544 | D:11     | Found a staircase to the Lair.
 14649 | D:11     | Found a flagged portal.
 14760 | Bailey   | Entered a bailey
 15054 | Bailey   | Noticed an orc knight
 15067 | Bailey   | Killed an orc knight
 15865 | D:11     | Noticed a death yak
 15870 | D:11     | Noticed a death yak
 15876 | D:11     | Killed a death yak
 15886 | D:11     | Slain by a death yak

Illustrated notes

Levels and vault maps discovered:
D:1:      matt_arrival_grand_opening, layout_basic, serial_bayou_lake_a
D:2:      layout_loops_ring, basic_altar,
          hellmonk_ecumenical_altar_heavens_door, minmay_misc_feat_room
D:3:      kennysheep_big_flooded_room, layout_loops_ring, serial_shops,
          nicolae_shop_temple_entry_statues_fountains, uniq_sigmund,
          uniq_jessica, uniq_natasha
D:4:      layout_gridville
D:5:      layout_basic, minmay_temple_entry_mist, grunt_ministairs_13,
          amethyst_killhole
D:6:      layout_layer_cave
D:7:      layout_cave_pools, lemuel_tele_altar, st_stairs_2,
          doesnt_shop_hydraphobe
D:8:      layout_basic, nicolae_underground_beach, uniq_pikel
D:9:      layout_loops_ring
D:10:     layout_basic, david_orc_1_choice
D:11:     layout_rooms, dpeg_lair_monsters, enter_bailey_7
Temple:   minmay_crystal_snake_temple

Skill      XL: |  1  2  3  4  5  6  7  8  9 10 11 |
---------------+----------------------------------+-----
Stealth        | 6 7 8 9 10 | 10.0
Short Blades   | 3 4 5 8 10 11 12 | 12.0
Shields        | 1 2 4 6 |  6.7
Hexes          | 3 5 7 |  7.3
Dodging        | 3 5 |  5.0
Fighting       | 3 5 |  5.0
Spellcasting   | 4 |  4.7
Throwing       | |  2.0

Action                   |  1- 3 |  4- 6 |  7- 9 | 10-12 || total
-------------------------+-------+-------+-------+-------++-------
Melee: Dagger            |    57 |    66 |    29 |       ||   152
       Tentacles         |     9 |    10 |    38 |    86 ||   143
       Constrict         |     8 |    14 |    24 |    67 ||   113
       Short sword       |       |       |   117 |   395 ||   512
Throw: Dart              |       |     3 |    30 |    75 ||   108
Invok: Call Merchant     |       |       |       |     1 ||     1
  Use: Scroll            |       |     4 |     7 |     5 ||    16
       Potion            |       |       |     1 |     1 ||     2
 Stab: Sleeping          |    17 |    15 |    15 |     8 ||    55
       Distracted        |     1 |       |     2 |     1 ||     4
Armor: Skin              |       |     6 |     3 |    10 ||    19
Dodge: Dodged            |    21 |    35 |    52 |   180 ||   288
Block: Buckler           |       |     9 |    12 |    77 ||    98
